Cogmind - Beta 16 @@@ ROGUE MODE // 2025.12.30 @ 23:59:25 Player: tritri Result: Destroyed by S-27 Virus with Autogun Performance ------------- Evolutions (3) 1500 Regions Visited (7) 1400 Robots Destroyed (24) 120 Value Destroyed (447) 447 Prototype IDs (23) 460 Alien Tech Used (0) 0 Bonus (575) 575 TOTAL SCORE: 4502 Bonus ------- Follower Combat Kills 110 Entered Garrisons 200 Aligned with FarCom 300 Friendly Fire -35 Cogmind --------- Core Integrity 0/700 Matter 300/300 Energy 98/100 System Corruption 0% Temperature Cool (0) Movement Core (50) Location -7/Garrison Parts ------- > --- POWER (1) -------- (None) > --- PROPULSION (5) --- (None) > --- UTILITY (5) ------ Signal Interpreter Hacking Suite > --- WEAPON (2) ------- (None) > --- INVENTORY (5) ---- High-capacity Matter Pod (46) Peak State ------------ > --- POWER ------------ (None) > --- PROPULSION ------- Flight Unit Flight Unit Flight Unit Flight Unit > --- UTILITY ---------- Small Storage Unit Signal Interpreter Hacking Suite > --- WEAPON ----------- Light Assault Rifle Field Lobotomy Kit > --- INVENTORY -------- High-capacity Matter Pod [Rating: 20] Favorites ----------- Power Light Ion Engine Engine Light Ion Engine Propulsion Aluminum Leg Leg Aluminum Leg Flight Unit Flight Unit Utility Small Storage Unit Device Seismic Detector Storage Small Storage Unit Processor Signal Interpreter Hackware Hacking Suite Weapon Light Assault Rifle Energy Gun EM Pulse Gun Ballistic Gun Light Assault Rifle Launcher Grenade Launcher Special Weapon Field Lobotomy Kit Special Melee Weapon Improved Datajack Build | -11 -10 -10 -10 -9 -8 -7 -7 ------- Run | Yrd Mat Min Exi Min Mat Fac Gar Slots Evolved 6 | . . . . . 4 2 . Power . | . . . . . . . . Propulsion 3 | . . . . . 2 1 . Utility 3 | . . . . . 2 1 . Weapon . | . . . . . . . . Parts Attached 25 | 7 6 4 . . 8 . . Power 3 | 1 1 1 . . . . . Engine 3 | 1 1 1 . . . . . Core . | . . . . . . . . Reactor . | . . . . . . . . Propulsion 9 | 2 2 2 . . 3 . . Treads . | . . . . . . . . Leg 3 | 2 . . . . 1 . . Wheel . | . . . . . . . . Hover . | . . . . . . . . Flight 6 | . 2 2 . . 2 . . Utility 6 | 2 1 . . . 3 . . Device 2 | 1 . . . . 1 . . Storage 2 | 1 . . . . 1 . . Processor 1 | . 1 . . . . . . Hackware 1 | . . . . . 1 . . Protection . | . . . . . . . . Artifact . | . . . . . . . . Weapon 7 | 2 2 1 . . 2 . . Energy Gun 1 | 1 . . . . . . . Energy Cannon . | . . . . . . . . Ballistic Gun 2 | 1 1 . . . . . . Ballistic Cannon . | . . . . . . . . Launcher 2 | . 1 1 . . . . . Special Weapon 1 | . . . . . 1 . . Impact Weapon . | . . . . . . . . Slashing Weapon . | . . . . . . . . Piercing Weapon . | . . . . . . . . Special Melee Weapon 1 | . . . . . 1 . . Unidentified Prototypes . | . . . . . . . . Corrupted Parts 1 | . . . . . 1 . . System Corruption 1 | . . . . . 1 . . Parts Lost 18 | . 4 2 . 2 8 2 . Power 2 | . . . . 1 1 . . Propulsion 9 | . 2 2 . . 4 1 . Utility 2 | . . . . . 1 1 . Weapon 5 | . 2 . . 1 2 . . Highest Loss Streak 4 | . 2 2 . 2 4 2 . To Critical Strikes . | . . . . . . . . Average Backups 5 | 1 7 6 6 7 1 1 1 Power . | . 1 1 1 1 . . . Propulsion 2 | . 3 2 2 2 . . . Utility 1 | . 1 2 2 2 1 1 1 Weapon . | . 1 1 1 1 . . . Tool/Special . | . . . . . . . . Unused Backups . | . . . . . . . . Power . | . . . . . . . . Propulsion . | . . . . . . . . Utility . | . . . . . . . . Weapon . | . . . . . . . . Tool/Special . | . . . . . . . . Average Slot Usage (%) 73 | . 89 75 85 67 51 27 15 Engine 10 | . 14 13 14 8 . . . Leg 9 | . 17 . . . 2 6 . Flight 9 | . . 27 28 28 12 . . Device 4 | . 7 . . . 3 5 . Storage 11 | . 14 14 14 14 6 . . Processor 8 | . 6 14 14 14 9 7 7 Hackware 1 | . . . . . 9 7 7 Energy Gun 1 | . 2 . . . . . . Ballistic Gun 7 | . 14 . . . . . . Launcher 6 | . 9 6 14 2 . . . Peak Build Rating 20 | 7 8 7 8 8 20 8 4 Average Rating 7 | 5 7 6 7 6 12 7 4 On Entrance 5 | . 7 6 7 8 5 8 4 Avg Prop Armor Cover (%) . | . . . . . . . . Naked Turns . | . . . . . . . . Heaviest Build 14 | 12 13 12 12 12 14 1 . Greatest Support 20 | 20 20 8 8 8 16 10 3 Greatest Overweight (x) 3 | 1 3 3 1 1 2 . . Average Overweight (x) . | . . . 1 . . . . Largest Inventory Capacity 8 | 8 8 8 8 8 8 5 5 Average Capacity 7 | 6 8 8 8 8 7 5 5 Most Carried 8 | 2 8 8 7 8 6 1 1 Average Carried 5 | 1 7 6 6 7 1 1 1 Final Capacity 8 | 8 8 8 8 8 5 5 5 Final Carried 7 | 2 7 6 7 7 1 1 1 Class Distribution -------------------- 95% | Mutant Dominant Class ---------------- Mutant | -10/Materials Mutant | -10/Mines Mutant | -10/Exiles Mutant | -9/Mines Mutant | -8/Materials Mutant | -7/Factory Mutant | -7/Garrison Resources | -11 -10 -10 -10 -9 -8 -7 -7 ----------- Run | Yrd Mat Min Exi Min Mat Fac Gar Matter Collected 684 | 241 205 36 . 93 109 . . Remotely . | . . . . . . . . Salvage Created 430 | 17 299 43 . 71 . . . Parts 40 | 1 23 12 . 4 . . . Haulers Intercepted 1 | . 1 . . . . . . Recyclers Shooed 1 | . 1 . . . . . . Parts Field Recycled . | . . . . . . . . Retrieved Matter . | . . . . . . . . Parts Self-Destructed . | . . . . . . . . Prevented . | . . . . . . . . Parts Restored . | . . . . . . . . Kills | -11 -10 -10 -10 -9 -8 -7 -7 ------- Run | Yrd Mat Min Exi Min Mat Fac Gar Combat Hostiles Destroyed 19 | . 10 7 . 2 . . . Guns 5 | . 5 . . . . . . AOE 14 | . 5 7 . 2 . . . Classes Destroyed 7 | 1 5 1 . . . . . Worker 1 | . . 1 . . . . . Tunneler 1 | 1 . . . . . . . Hauler 1 | . 1 . . . . . . Operator 1 | . 1 . . . . . . Watcher 1 | . 1 . . . . . . Swarmer 11 | . 4 7 . . . . . Grunt 8 | . 6 . . 2 . . . Best Kill Streak 5 | 1 5 3 . 2 . . . Combat Bots Only 5 | . 5 3 . 2 . . . Max Kills in Single Turn 3 | 1 3 3 . 2 . . . Gunslinging . | . . . . . . . . Exploded 3 | . 2 3 . 2 . . . Melee . | . . . . . . . . Uniques/NPCs Destroyed . | . . . . . . . . Combat | -11 -10 -10 -10 -9 -8 -7 -7 -------- Run | Yrd Mat Min Exi Min Mat Fac Gar Hostile Shots Fired 248 | . 77 7 . 6 70 38 50 Missed 87 | . 22 4 . 1 27 16 17 Hits 161 | . 55 3 . 5 43 22 33 Projectile 161 | . 55 3 . 5 43 22 33 Critical Strikes 1 | . . . . . 1 . . Damage Taken 2208 | . 571 67 . 126 691 334 419 Core 1130 | . 143 9 . 18 251 290 419 Absorbed by Shields 70 | . . . . . . . 70 Core Remaining (%) 62 | 100 . . . 32 54 . . Volleys Fired 68 | 1 49 5 . 6 7 . . Largest 2 | 2 2 1 . 1 2 . . Hottest 60 | 60 60 33 . 33 20 . . Shots Fired 86 | 2 64 5 . 6 9 . . Gun 64 | 2 58 . . . 4 . . Cannon . | . . . . . . . . Launcher 17 | . 6 5 . 6 . . . Special 5 | . . . . . 5 . . Kinetic 50 | 1 45 . . . 4 . . Thermal . | . . . . . . . . Explosive 17 | . 6 5 . 6 . . . Electromagnetic 14 | 1 13 . . . . . . Robot Hit Streak 15 | 1 15 3 . 5 2 . . Robot Miss Streak 5 | . 3 . . 2 5 . . Penetration Max . | . . . . . . . . Secondary Targets . | . . . . . . . . Shots Hit Robots 48 | 1 34 3 . 2 8 . . Core Hits 43 | 1 29 9 . 4 . . . Critical Kills . | . . . . . . . . Critical Parts Destroyed 1 | . 1 . . . . . . Critical Strikes 1 | . 1 . . . . . . Destroy 1 | . 1 . . . . . . Melee Attacks 5 | . . . . . 5 . . Impact . | . . . . . . . . Slashing . | . . . . . . . . Piercing . | . . . . . . . . Sneak Attacks 3 | . . . . . 3 . . Combat Hostiles . | . . . . . . . . Follow-up Attacks . | . . . . . . . . Damage Inflicted 1557 | 13 752 573 . 205 8 6 . Guns 335 | 13 314 . . . 8 . . Cannons . | . . . . . . . . Explosions 1189 | . 411 573 . 205 . . . Melee . | . . . . . . . . Ramming 33 | . 27 . . . . 6 . Kinetic 208 | . 200 . . . 8 . . Thermal 97 | . 97 . . . . . . Explosive 1092 | . 314 573 . 205 . . . Electromagnetic 127 | 13 114 . . . . . . Impact . | . . . . . . . . Slashing . | . . . . . . . . Piercing . | . . . . . . . . Highest Corruption 1 | . . . . . 1 . . Average Corruption 1 | . . . . . 1 . . Corruption Purged . | . . . . . . . . Corruption Blocked . | . . . . . . . . Effects 3 | . . . . . 3 . . Matter Fused 1 | . . . . . 1 . . Heat Flow Errors 1 | . . . . . 1 . . Energy Discharges 1 | . . . . . 1 . . Overload Shots . | . . . . . . . . Overflow Damage 51 | . 7 38 . 6 . . . Projectiles . | . . . . . . . . Explosions 51 | . 7 38 . 6 . . . Melee . | . . . . . . . . Knockbacks . | . . . . . . . . Impact . | . . . . . . . . Kinetic . | . . . . . . . . Secondary . | . . . . . . . . Self-Inflicted Damage 118 | . 24 45 . 46 . 3 . Shots 3 | . 1 1 . 1 . . . Rammed 1 | . . . . . . 1 . Targets Rammed 10 | . 9 . . . . 1 . Kicked 9 | . 9 . . . . . . Crushed . | . . . . . . . . Highest Temperature 197 | 20 85 . . 17 197 . . Average Temperature 35 | 15 29 . . 11 90 . . Received Heat Transfer 564 | . 177 . . 45 342 . . Siege Activations . | . . . . . . . . Martial Activations . | . . . . . . . . Shielding Activations . | . . . . . . . . Robots Disrupted . | . . . . . . . . Combat Hostiles . | . . . . . . . . Robots Corrupted . | . . . . . . . . Combat Hostiles . | . . . . . . . . Parts Fried . | . . . . . . . . Impact Corruptions . | . . . . . . . . Robots Melted . | . . . . . . . . Combat Hostiles . | . . . . . . . . Parts Melted . | . . . . . . . . Heat Transferred 100 | . 100 . . . . . . Parts Sabotaged . | . . . . . . . . Parts Stolen . | . . . . . . . . Parts Stripped . | . . . . . . . . Power Chain Reactions 2 | . 2 . . . . . . Alert | -11 -10 -10 -10 -9 -8 -7 -7 ------- Run | Yrd Mat Min Exi Min Mat Fac Gar Maximum Alert Level 1 | . 1 1 . . . . . Low Security (%) 96 | 100 98 72 . 100 100 100 100 Level 1 3 | . 1 27 . . . . . Level 2 . | . . . . . . . . Level 3 . | . . . . . . . . Level 4 . | . . . . . . . . Level 5 . | . . . . . . . . High Security . | . . . . . . . . Max Security . | . . . . . . . . Peak Influence 238 | 5 200 238 . 62 32 . . Initial 12 | . . . . . 12 . . Average 46 | . 61 114 . 22 4 . . Influence Increases 904 | 5 358 328 . 82 131 . . Destroy 0b10 Robot/C 460 | . 200 180 . 40 40 . . Destroy 0b10 Robot/NC 25 | 5 15 5 . . . . . Destroy Leader 104 | . 54 40 . . 10 . . Allied During Kill 13 | . . 10 . . 3 . . Trap Triggered on 0b10 10 | . . . . . 10 . . Successful Hack 23 | . 16 . . . 7 . . Disable Machine 15 | . . 15 . . . . . Destroy Structure 134 | . 43 48 . 42 1 . . Partial Spotted 15 | . . . . . 15 . . Lose Combat Pursuer 105 | . 30 30 . . 45 . . Influence Decreases 904 | 5 358 120 208 50 163 . . Entered New Map 228 | . . . 208 . 20 . . Time Decay 532 | 5 338 80 . 30 79 . . Lost Part 88 | . 20 20 . 20 28 . . Lost Ally 56 | . . 20 . . 36 . . Squads Dispatched 7 | . 5 . . . 2 . . Investigation 2 | . 2 . . . . . . Extermination . | . . . . . . . . Reinforcement 5 | . 3 . . . 2 . . Assault . | . . . . . . . . Garrison . | . . . . . . . . Intercept . | . . . . . . . . Searches Triggered . | . . . . . . . . Construction Impeded . | . . . . . . . . Haulers Reinforced . | . . . . . . . . Active Scanning Responses . | . . . . . . . . Cargo Convoy Interrupts . | . . . . . . . . Stealth | -11 -10 -10 -10 -9 -8 -7 -7 --------- Run | Yrd Mat Min Exi Min Mat Fac Gar Distress Signals 3 | . 2 . . . 1 . . Communications Jammed . | . . . . . . . . Distress Signals . | . . . . . . . . Times Spotted 59 | . 28 10 . 2 12 3 4 Peak Tracking Total 7 | . 7 5 . 3 6 3 4 Tactical Retreats 5 | . 1 1 . . 3 . . Traps | -11 -10 -10 -10 -9 -8 -7 -7 ------- Run | Yrd Mat Min Exi Min Mat Fac Gar Traps Triggered 3 | . . . . . . 1 2 Indirectly . | . . . . . . . . Trap Hack Attempts 1 | . . . . . 1 . . Triggered . | . . . . . . . . Disarmed . | . . . . . . . . Reprogrammed 1 | . . . . . 1 . . Reused 1 | . . . . . 1 . . Traps Extracted . | . . . . . . . . Installed . | . . . . . . . . Triggered 1 | . . . . . 1 . . Machines | -11 -10 -10 -10 -9 -8 -7 -7 ---------- Run | Yrd Mat Min Exi Min Mat Fac Gar Machines Disabled 1 | . . 1 . . . . . Max in Single Turn 1 | . . 1 . . . . . Garrison Access 1 | . . . . . 1 . . Machines Repaired . | . . . . . . . . Machines Dismantled . | . . . . . . . . Machines Sabotaged . | . . . . . . . . Overloaded Fab Kills . | . . . . . . . . Hacking | -11 -10 -10 -10 -9 -8 -7 -7 --------- Run | Yrd Mat Min Exi Min Mat Fac Gar Machines Accessed 10 | . 4 . 1 . 3 2 . Terminals 6 | . 3 . . . 2 1 . Fabricators . | . . . . . . . . Repair Stations . | . . . . . . . . Recycling Units 1 | . 1 . . . . . . Scanalyzers . | . . . . . . . . Garrison Access 2 | . . . . . 1 1 . Total Hacks 19 | . 9 . 1 . 7 2 . Successful 14 | . 5 . 1 . 6 2 . Failed 5 | . 4 . . . 1 . . Catastrophic . | . . . . . . . . Database Lockouts . | . . . . . . . . Manual 13 | . 7 . 1 . 5 . . Terminals 15 | . 8 . . . 6 1 . Fabricators . | . . . . . . . . Repair Stations . | . . . . . . . . Recycling Units 1 | . 1 . . . . . . Scanalyzers . | . . . . . . . . Garrison Access 2 | . . . . . 1 1 . Terminal Hacks 11 | . 4 . 1 . 5 1 . Record 4 | . 1 . . . 3 . . Open DSF 1 | . . . . . . 1 . Maintenance Status 1 | . 1 . . . . . . Transport Status 1 | . 1 . . . . . . Hauler Manifests 3 | . 1 . . . 2 . . Proto ID Catalog 1 | . . . 1 . . . . Fabricator Hacks . | . . . . . . . . Repair Station Hacks . | . . . . . . . . Recycling Unit Hacks 1 | . 1 . . . . . . Report Inventory 1 | . 1 . . . . . . Scanalyzer . | . . . . . . . . Garrison Access Hacks 2 | . . . . . 1 1 . Unlock Access 1 | . . . . . . 1 . Seal Access 1 | . . . . . 1 . . Unauthorized Hacks . | . . . . . . . . Terminals . | . . . . . . . . Fabricators . | . . . . . . . . Repair Stations . | . . . . . . . . Recycling Units . | . . . . . . . . Scanalyzers . | . . . . . . . . Garrison Access . | . . . . . . . . Data Cores Recovered . | . . . . . . . . Used . | . . . . . . . . Hacking Detections 4 | . 2 . . . 2 . . Full Trace Events 2 | . 2 . . . . . . Feedback Events . | . . . . . . . . Feedback Blocked . | . . . . . . . . Robot Schematics Acquired . | . . . . . . . . Robots Built . | . . . . . . . . Authchips . | . . . . . . . . Time . | . . . . . . . . Total Robot Build Rating . | . . . . . . . . Part Schematics Acquired . | . . . . . . . . Parts Built . | . . . . . . . . Authchips . | . . . . . . . . Time . | . . . . . . . . Total Part Build Rating . | . . . . . . . . Part Studies Acquired . | . . . . . . . . Parts Repaired . | . . . . . . . . Time . | . . . . . . . . Parts Recycled . | . . . . . . . . Recycled Matter . | . . . . . . . . Retrieved Matter . | . . . . . . . . Retrieved Components . | . . . . . . . . Parts Scanalyzed . | . . . . . . . . Part Schematics Acquired . | . . . . . . . . Parts Damaged . | . . . . . . . . Bothacking | -11 -10 -10 -10 -9 -8 -7 -7 ------------ Run | Yrd Mat Min Exi Min Mat Fac Gar Used RIF Installer . | . . . . . . . . Robots Hacked 2 | . . . . . 2 . . Non-combat 1 | . . . . . 1 . . Combat 1 | . . . . . 1 . . Robot Hacks Applied 2 | . . . . . 2 . . parse_system 1 | . . . . . 1 . . no_distress 1 | . . . . . 1 . . Relay Couplers Released . | . . . . . . . . Fabnet Peak Effective % . | . . . . . . . . Robots Rewired . | . . . . . . . . Allies Hacked . | . . . . . . . . Hacks Repelled . | . . . . . . . . Allies | -11 -10 -10 -10 -9 -8 -7 -7 -------- Run | Yrd Mat Min Exi Min Mat Fac Gar Total Allies 6 | . . 2 . . 4 . . Largest Group 3 | . . 2 1 . 3 . . Highest-Rated Group 47 | . . 47 31 . 41 . . Highest-Rated Ally 31 | . . 31 31 . 26 . . Total Orders . | . . . . . . . . Ally Attacks 20 | . . 7 . . 13 . . Total Damage 310 | . . 106 . . 204 . . Kills 4 | . . 2 . . 2 . . Allies Corrupted . | . . . . . . . . Allies Melted . | . . . . . . . . Field Lobotomies 4 | . . . . . 4 . . Intel | -11 -10 -10 -10 -9 -8 -7 -7 ------- Run | Yrd Mat Min Exi Min Mat Fac Gar Active Infowar (turns) 845 | 10 604 . . . 104 127 . Terrain 231 | . . . . . 104 127 . Seismic 614 | 10 604 . . . . . . Robot Analysis Total . | . . . . . . . . Derelict Logs Recovered 4 | . . 2 . 2 . . . Drone Launches . | . . . . . . . . Drone Recoveries . | . . . . . . . . Exploration | -11 -10 -10 -10 -9 -8 -7 -7 ------------- Run | Yrd Mat Min Exi Min Mat Fac Gar Turns Passed 2271 | 86 1073 200 265 115 281 178 73 Spaces Moved 2088 | 67 604 363 226 271 271 176 110 Core 220 | 13 2 3 . . 43 49 110 Treads . | . . . . . . . . Legs 800 | 54 549 . . . 70 127 . Wheels . | . . . . . . . . Hover . | . . . . . . . . Flight 1068 | . 53 360 226 271 158 . . Fastest Speed 31 | 50 37 37 117 37 31 50 50 Average Speed 96 | 107 154 49 117 37 84 100 50 Slowest Speed 200 | 120 200 200 117 117 150 120 50 Overloaded Moves . | . . . . . . . . Propulsion Burnouts . | . . . . . . . . Robots Hopped 6 | . . 4 . 2 . . . Potential Cave-ins . | . . . . . . . . Cave-ins Triggered . | . . . . . . . . Exploration Rate (%) 44 | 5 69 80 59 68 36 5 31 Regions Visited 7 Branch Regions 3 Pre-discovered Areas 1 | . . 1 . . . . . Known Exits Taken 6 | . 1 1 1 1 1 1 . Unknown Exits Taken 1 | 1 . . . . . . . Scrap Searched 1 | . . . . 1 . . . Spaces Dug 12 | . . 12 . . . . . Terrain Destroyed 160 | . 51 57 . 52 . . . Melee . | . . . . . . . . Projectile . | . . . . . . . . AOE 160 | . 51 57 . 52 . . . Terrain Rammed . | . . . . . . . . Walls Destroyed . | . . . . . . . . Machines Disabled . | . . . . . . . . Actions | -11 -10 -10 -10 -9 -8 -7 -7 --------- Run | Yrd Mat Min Exi Min Mat Fac Gar Total 2244 | 76 681 373 226 276 308 176 128 Wait 14 | . . . . . 14 . . Move 2069 | 66 603 354 225 266 270 175 110 Hop 6 | . . 4 . 2 . . . Pick Up 11 | 2 8 . 1 . . . . Fast Attach 14 | 7 1 3 . . 3 . . Attach 15 | . 4 3 . 1 7 . . Detach 7 | . 2 3 . 1 1 . . Swap 2 | . 2 . . . . . . Drop 4 | . 3 1 . . . . . Fire 68 | 1 49 5 . 6 7 . . Melee 5 | . . . . . 5 . . Ram 1 | . . . . . . 1 . Kick 9 | . 9 . . . . . . Crush . | . . . . . . . . Escape Stasis 18 | . . . . . . . 18 Rewire . | . . . . . . . . Trap 1 | . . . . . 1 . . Miscellaneous . | . . . . . . . . Route ------- -11/Scrapyard -10/Materials (discovered 4 exits: *Mat x3 / *Min) -10/Mines (discovered 4 exits: *Mat x2 / *Exi / *Sub) -10/Exiles -9/Mines -8/Materials -7/Factory -7/Garrison History --------- Turn | Location | Event 9 | -11/Scrapyard | Discovered new exit (range 16) 87 | -11/Scrapyard | Entered Materials 307 | -10/Materials | Build established: Mutant 325 | -10/Materials | Discovered new exit (range 16) 413 | -10/Materials | Core integrity fell below 50% 483 | -10/Materials | Discovered new exit (range 5) 801 | -10/Materials | Identified exit to Materials 1140 | -10/Materials | Discovered exit to Materials (range 13) 1157 | -10/Materials | Discovered new exit (range 7) 1160 | -10/Materials | Identified exit to Mines 1160 | -10/Materials | Entered Mines 1166 | -10/Mines | Discovered exit to Materials (range 14) 1186 | -10/Mines | Learned location of Storage (-8) 1212 | -10/Mines | Received a Rocket Launcher from a helpful Derelict 1231 | -10/Mines | Discovered exit to Materials (range 3) 1239 | -10/Mines | Discovered new exit (range 9) 1242 | -10/Mines | Identified exit to Subcaves 1283 | -10/Mines | Learned Materials emergency access door positions 1304 | -10/Mines | Learned Materials stockpile data 1353 | -10/Mines | Deemed a non-threat by the Exiles lab entrance 1354 | -10/Mines | Discovered new exit (range 5) 1359 | -10/Mines | Identified exit to Exiles 1360 | -10/Mines | Entered Exiles 1360 | -10/Exiles | Accompanied by 1 ally 1389 | -10/Exiles | Met 8R-AWN 1390 | -10/Exiles | Led the pair of lost Derelicts to a safe place 1410 | -10/Exiles | Met EX-HEX 1447 | -10/Exiles | Met EX-BIN 1460 | -10/Exiles | Aligned with FarCom system 1461 | -10/Exiles | Given EX-Vault access code 1496 | -10/Exiles | Opened EX-Vault 1506 | -10/Exiles | Found Field Lobotomy Kit 1531 | -10/Exiles | Warned to stay clear of 0b10 Research branches 1570 | -10/Exiles | Met EX-DEC 1608 | -10/Exiles | Discovered new exit (range 14) 1624 | -10/Exiles | Identified exit to Mines 1625 | -10/Exiles | Left Exiles lab with Field Lobotomy Kit 1625 | -10/Exiles | Entered Mines 1629 | -9/Mines | Learned Materials emergency access door positions 1637 | -9/Mines | Learned Materials garrison access intel 1735 | -9/Mines | Discovered new exit (range 14) 1739 | -9/Mines | Identified exit to Materials 1740 | -9/Mines | Entered Materials 1740 | -8/Materials | Evolved 4 slots: Propulsion x2, Utility x2 1743 | -8/Materials | Loaded intel: 1 garrison access location 1795 | -8/Materials | Assimilated O-16 Technician with FLK Orb 1801 | -8/Materials | Assimilated G-47 Trooper with FLK Orb 1807 | -8/Materials | Assimilated Y-45 Defender with FLK Orb 1836 | -8/Materials | Lost 4 parts (1p2n1w) 1867 | -8/Materials | Assimilated G-50 Soldier with FLK Orb 1886 | -8/Materials | Lost 3 allies 2015 | -8/Materials | Discovered new exit (range 4) 2020 | -8/Materials | Identified exit to Factory 2021 | -8/Materials | Entered Factory 2021 | -7/Factory | Evolved 2 slots: Propulsion x1, Utility x1 2198 | -7/Factory | Identified exit to Garrison 2199 | -7/Factory | Entered Garrison 2227 | -7/Garrison | Triggered checkpoint 2230 | -7/Garrison | Core integrity fell below 50% 2251 | -7/Garrison | Core integrity fell below 20% 2272 | -7/Garrison | Destroyed by S-27 Virus with Autogun Last Messages --------------- 02239_ Field strength at 49. 02240_ Field strength at 35. 02241_ Field strength at 29. 02242_ Field strength at 14. 02243_ Field strength at 8. 02244_ Stasis field depleted. 02244_ Triggered Stasis Trap. 02244_ A bubble of rippling energy engulfs the area. 02244_ Field strength at 94. 02244_ Field strength at 88. 02245_ Field strength at 78. 02246_ Field strength at 72. 02247_ Field strength at 62. 02248_ Field strength at 47. 02249_ Field strength at 36. 02250_ Field strength at 30. 02251_ Field strength at 19. 02252_ Stasis field depleted. 02271_ S-27 Virus destroyed. Map ----- +----------------------------------------------------+ | #???????????????????????????????? | | #???????????????????????????????? | | ## #???????????????????????????????? | | ?# ^#????????##?????????????????????? | | ?# #???????? #?????????????????????? | | ?# #???????? ??????????????????????? | | ?# #??????? ??????????????????????? | | ?# #??????? ??????????????????????? | | ?# #??????? ??????????????????????? | | ?# #??????? ??????????????????????? | | ?# #??????? #??????????????????????? | | ?# #??????? #??????????????????????? | | ?# #??????? #??????###?????????????? | | ?# #??????# #?????# #?????????????? | | ?# ######## #????? #?????????????? | | ?# #????? #?????????????? | | ?# #????? #??????Y??????? | | ?########## #?????# #?????????????? | | ??????????# #?????# #?????????????? | | ??????????# #?????# "?????????????? | | ??????????# #?????# "b????????????? | | ??????????# #?????# "l????????????? | | ??????????# #?????# #?????????????? | | ??????????# ####### #??????##?????? | | ??????????# ss%* #####"T"#?????? | | ??????????# s = @ "#?????? | | ??????????########## #########?????? | | ???????????????????# #?????????????? | | ???????????????????# #?????????????? | | ???????????????????# #?????????????? | | ???????????????????# #?????????????? | | ?????????????????Y?# #?????????????? | | ???????????????????# #?????????????? | | ???????????????????# ?????????????? | | ???????????????????# ?????????????? | | ???????????????????####?????????????? | | ????????????????????????????????????? | | ????????????????????????????????????? | | ????????????????????????????????????? | | ????????????????????????????????????? | | ????????????????????????????????????? | | ????????????????????????????????????? | | ????????????????????????????????????? | | ????????????????????????????????????? | | ????????????????????????????????????? | | ????????????????????????????????????? | | | | | | | | | +----------------------------------------------------+ Best States ------------- Heat Dissipation 34 Energy Generation 10 Energy Capacity 125 Matter Stores 300 Matter Capacity 300 Sight Range 16 Terrain Scan Range 16 Terrain Scan Density 10 Evasion (%) 63 Offensive Hacking 10 Item Schematics ----------------- None Robot Schematics ------------------ None Fabricated ------------ Nothing Repaired ---------- Nothing Studied --------- None Alien Tech Used ----------------- None Achievements -------------- A Problem For Future Me Ghost 'Em Hehehe Junior Dev Not Today, Chutes Throw Away The Key Challenges ------------ None Game ------ Seed DimensionalUltimateBeacon Manual? 0 Play Time 00:27:58 Cumulative 4.0 hours Start 2025.12.30 @ 23:31:34 End 2025.12.30 @ 23:59:25 Sessions 1 Manual Loads 0 Difficulty Rogue Special Mode None Game No. 9 Rogue 9 Adventurer 0 Explorer 0 Win Type - Total 0 Types 0/0/0/0/0/0/0/0/0/0 Lore% 6 Gallery% 5 Achievement% 9 Wizard Run 0 Options --------- Layout 1 ASCII 0 Keyboard 1 Movement Vi Keybinds 0 Fullscreen 1 Font 24/Smallcaps Map View 50x35 Zoom Use 0% Tactical HUD 1 Map Filters NONE Filters NONE Steam 1 RUN: 466410e1-ccc7-43b5-b737-696d1d1db1e4